[Event "Team 45 45 League T83"]
[Site "Internet Chess Club"]
[Date "2020.01.26"]
[Round "4"]
[White "Gilguli"]
[Black "dabodhi"]
[Result "0-1"]
[WhiteElo "1314"]
[BlackElo "1337"]
[Opening "Pirc defense"]
[ECO "B07"]
[Time "15:37:40"]
[TimeControl "2700+45"]

1. e4 d6 2. d4 Nf6 3. Nc3 Nbd7 4. Bg5 c6 5. Bc4 Qa5 6. Nf3 Nxe4 7. Qd3 Nxg5 8.
Nxg5 Qxg5 9. O-O Nf6 10. Rae1 d5 11. Bb3 Bf5 12. Qe2 Bh3 13. Qf3 Bg4 14. Qg3 Nh5
15. Qc7 Bh3 16. g3 Bxf1 17. Kxf1 e6 18. Re5 Qd8 19. Nxd5 Bd6 20. Qxb7 Bxe5 21.
dxe5 cxd5 22. Ba4+ Kf8 23. Bc6 {White resigns} 0-1

[Event "Team 45 45 League T83"]
[Site "Internet Chess Club"]
[Date "2020.01.25"]
[Round "4"]
[White "ghostfire"]
[Black "liujf"]
[Result "0-1"]
[WhiteElo "1666"]
[BlackElo "1531"]
[Opening "Nimzo-Indian: 4.e3"]
[ECO "E40"]
[Time "13:05:36"]
[TimeControl "2700+45"]

1. d4 Nf6 2. c4 e6 3. Nc3 Bb4 4. e3 d5 5. a3 Bxc3+ 6. bxc3 Nbd7 7. Bd3 c5 8. Nf3
Qc7 9. Qc2 dxc4 10. Bxc4 cxd4 11. cxd4 b5 12. Bd3 Qxc2 13. Bxc2 Bb7 14. Bb2 Nb6
15. Bd3 Nc4 16. Bxc4 bxc4 17. Rc1 Rc8 18. O-O O-O 19. Nd2 Ba6 20. Bc3 Nd5 21. e4
Nxc3 22. Rxc3 Rfd8 23. Nf3 Bb7 24. Rfc1 Bxe4 25. Rxc4 Rxc4 26. Rxc4 Bd5 27. Rc7
Rb8 28. h3 a6 29. Ne5 f6 30. Nd7 Rb1+ 31. Kh2 Rb3 32. a4 Rb4 33. Nc5 Rxd4 34.
Nxa6 Rxa4 35. Nb8 Rc4 36. Rxc4 Bxc4 37. Nc6 Kf7 38. Kg3 Bd5 39. Nb4 Kg6 40. f4
Kf5 41. Nd3 e5 42. fxe5 fxe5 43. Kf2 e4 44. Nb4 e3+ 45. Kxe3 Bxg2 46. h4 Kg4 47.
Nd3 Kxh4 48. Kf2 Be4 49. Ne1 Kg4 50. Ke3 Kf5 51. Kf2 Kf4 52. Kg1 Ke3 53. Ng2+
Bxg2 54. Kxg2 g5 55. Kg3 h5 56. Kh3 g4+ 57. Kh2 Kf3 58. Kh1 Kg3 59. Kg1 Kh3 60.
Kh1 g3 61. Kg1 g2 {White resigns} 0-1

[Event "Team 45 45 League T83"]
[Site "Internet Chess Club"]
[Date "2020.01.25"]
[Round "4"]
[White "bardu"]
[Black "PJ"]
[Result "0-1"]
[WhiteElo "1342"]
[BlackElo "1580"]
[Opening "QGD Slav: 3.Nf3"]
[ECO "D11"]
[Time "10:54:37"]
[TimeControl "2700+45"]

1. d4 d5 2. c4 c6 3. Nf3 e6 4. Qc2 Nf6 5. g3 Bd6 6. Bg2 Nbd7 7. O-O O-O 8. Nbd2
h6 9. e4 dxe4 10. Nxe4 Nxe4 11. Qxe4 Nf6 12. Qe2 Re8 13. Rd1 Bd7 14. b3 Rc8 15.
Bb2 Bf8 16. Ne5 b5 17. c5 Nd5 18. Bc1 Rc7 19. Rd3 f5 20. Qh5 Qf6 21. Nxd7 Rxd7
22. Qxe8 Re7 23. Qh5 g6 24. Qe2 e5 25. Bxd5+ cxd5 26. dxe5 Rxe5 27. Re3 Rxe3 28.
Bb2 Rxe2 29. Bxf6 Bxc5 30. Kf1 Rxf2+ 31. Ke1 Rxh2 {White resigns} 0-1

[Event "Team 45 45 League T83"]
[Site "Internet Chess Club"]
[Date "2020.01.25"]
[Round "4"]
[White "zugknightly"]
[Black "Visin"]
[Result "1-0"]
[WhiteElo "1674"]
[BlackElo "1327"]
[Opening "QGD Slav: 3.Nf3"]
[ECO "D11"]
[Time "15:07:20"]
[TimeControl "2700+45"]

1. d4 d5 2. c4 c6 3. Nf3 Bg4 4. Ne5 Bc8 5. cxd5 cxd5 6. Qa4+ Bd7 7. Nxd7 Qxd7 8.
Qb3 e6 9. Nc3 Nf6 10. Bf4 Be7 11. e3 a6 12. Bd3 O-O 13. O-O Nc6 14. Rac1 Rac8
15. h3 b5 16. Qd1 Bd6 17. Bg5 Qe7 18. f3 h6 19. Bh4 g5 20. Bf2 Nh7 21. e4 dxe4
22. fxe4 f5 23. exf5 exf5 24. Nd5 Qf7 25. Nb6 Rc7 26. d5 Ne5 27. Bd4 Rxc1 28.
Qxc1 Nxd3 29. Qe3 Nb4 30. Qb3 a5 31. a3 Na6 32. Qxb5 Qb7 33. Qxa5 f4 34. Re1 Nc7
35. Nc4 Qxd5 36. Qxd5+ Nxd5 37. Nxd6 Rd8 38. Re8+ Rxe8 39. Nxe8 Kf7 40. Nd6+ Ke6
41. Nc4 Nf8 42. Bg7 Nd7 43. Kf2 h5 44. Kf3 N7b6 45. Nxb6 Nxb6 46. g3 fxg3 47.
Kxg3 Kf5 48. Bd4 g4 49. Bxb6 gxh3 50. Kxh3 {Black resigns} 1-0

[Event "Team 45 45 League T83"]
[Site "Internet Chess Club"]
[Date "2020.01.27"]
[Round "4"]
[White "Pawnchain"]
[Black "chesskix"]
[Result "1/2-1/2"]
[WhiteElo "1495"]
[BlackElo "1335"]
[Opening "Sicilian: Grand Prix attack"]
[ECO "B23"]
[Time "13:00:53"]
[TimeControl "2700+45"]

1. e4 c5 2. Nc3 Nc6 3. f4 e6 4. Nf3 Be7 5. Bb5 Nd4 6. O-O a6 7. Bd3 b5 8. b3 Bb7
9. Nxd4 cxd4 10. Ne2 Bc5 11. Bb2 Qb6 12. Kh1 b4 13. Ng3 Ne7 14. Qg4 g6 15. Rae1
Rg8 16. e5 Bd5 17. Ne4 Bxe4 18. Bxe4 O-O-O 19. Qf3 d5 20. exd6 Bxd6 21. Bd3 Nc6
22. Qe4 Bc5 23. Qe2 Nb8 24. c3 dxc3 25. dxc3 {Game drawn by mutual agreement}
1/2-1/2

[Event "Team 45 45 League T83"]
[Site "Internet Chess Club"]
[Date "2020.01.26"]
[Round "4"]
[White "Bumun"]
[Black "kabindra"]
[Result "1-0"]
[WhiteElo "1713"]
[BlackElo "1631"]
[Opening "two knights defense: Fegatello attack"]
[ECO "C57"]
[Time "17:02:01"]
[TimeControl "2700+45"]

1. e4 e5 2. Nf3 Nc6 3. Bc4 Nf6 4. Ng5 d5 5. exd5 Nxd5 6. Nxf7 Kxf7 7. Qf3+ Ke8
8. Bxd5 Qf6 9. Qh5+ g6 10. Bxc6+ bxc6 11. Qe2 a5 12. O-O Ba6 13. d3 Bd6 14. Nc3
Qg7 15. Ne4 h6 16. Nxd6+ cxd6 17. f4 Rf8 18. Bd2 a4 19. Bc3 Kd7 20. fxe5 Rfe8
21. Qg4+ Kd8 22. Ba5+ {Black resigns} 1-0

[Event "Team 45 45 League T83"]
[Site "Internet Chess Club"]
[Date "2020.01.25"]
[Round "4"]
[White "seattleblues"]
[Black "Andaluz"]
[Result "1/2-1/2"]
[WhiteElo "1245"]
[BlackElo "1381"]
[Opening "QGD: Ragozin variation"]
[ECO "D38"]
[Time "06:00:51"]
[TimeControl "2700+45"]

1. d4 d5 2. Nf3 Nf6 3. c4 e6 4. Nc3 Bb4 5. Bf4 c5 6. e3 Nc6 7. dxc5 Bxc3+ 8.
bxc3 Qa5 9. Qb3 Qxc5 10. Be2 O-O 11. O-O b6 12. cxd5 Nxd5 13. Rfc1 Bb7 14. Bg3
Rfc8 15. Nd4 Na5 16. Qb2 Nxc3 17. Bf3 Bxf3 18. Nxf3 Qb5 19. Qxb5 Nxb5 {Game
drawn by mutual agreement} 1/2-1/2

[Event "Team 45 45 League T83"]
[Site "Internet Chess Club"]
[Date "2020.01.25"]
[Round "4"]
[White "achessman"]
[Black "fishhead"]
[Result "0-1"]
[WhiteElo "1790"]
[BlackElo "1788"]
[Opening "Alekhine's defense: exchange variation"]
[ECO "B02"]
[Time "18:12:59"]
[TimeControl "2700+45"]

1. e4 Nf6 2. e5 Nd5 3. c4 Nb6 4. d4 d6 5. exd6 exd6 6. Nc3 Bf5 7. Nf3 Be7 8. Be2
O-O 9. O-O Nc6 10. b3 Bf6 11. Be3 d5 12. Rc1 h6 13. Qd2 g5 14. h3 Qd7 15. Rfd1
Rad8 16. c5 Nc8 17. b4 N6e7 18. b5 c6 19. a4 Qc7 20. Bd3 Bg7 21. Qc2 Bxd3 22.
Qxd3 f5 23. Re1 Qd7 24. Rb1 f4 25. Bd2 Qf5 26. Qe2 Rf6 27. bxc6 bxc6 28. Rb8
Rdf8 29. Rb7 Ng6 30. a5 h5 31. Qd1 R6f7 32. Rb4 g4 33. hxg4 hxg4 34. Nh2 f3 35.
g3 Bf6 36. Bf4 Rh7 37. Nxf3 Nxf4 38. Qb1 Nh3+ 39. Kf1 Qxf3 40. Nd1 Nxf2 {White
resigns} 0-1

[Event "Team 45 45 League T83"]
[Site "Internet Chess Club"]
[Date "2020.01.25"]
[Round "4"]
[White "Goli"]
[Black "cadmiumorange"]
[Result "1/2-1/2"]
[WhiteElo "1701"]
[BlackElo "1720"]
[Opening "Robatsch (modern) defense"]
[ECO "B06"]
[Time "05:31:07"]
[TimeControl "2700+45"]

1. e4 g6 2. d4 Bg7 3. Nf3 d6 4. c4 Nd7 5. Be2 e5 6. d5 h6 7. O-O Nc5 8. Nc3 a5
9. Be3 Nf6 10. Bxc5 dxc5 11. Nxe5 Nxe4 12. Nxe4 Bxe5 13. Nxc5 Bxh2+ 14. Kxh2
Qd6+ 15. Kg1 Qxc5 16. Qd2 Bd7 {Game drawn by mutual agreement} 1/2-1/2

[Event "Team 45 45 League T83"]
[Site "Internet Chess Club"]
[Date "2020.01.23"]
[Round "4"]
[White "Yedixon"]
[Black "cityprosecutor"]
[Result "0-1"]
[WhiteElo "1626"]
[BlackElo "1661"]
[Opening "English opening"]
[ECO "A16"]
[Time "21:04:04"]
[TimeControl "2700+45"]

1. c4 Nf6 2. Nc3 d6 3. g3 g6 4. Bg2 Bg7 5. Nf3 O-O 6. d3 c5 7. O-O Na6 8. Bg5
Nc7 9. Qd2 Re8 10. e4 Rb8 11. a4 a6 12. e5 dxe5 13. Nxe5 Ne6 14. Bh6 Qd6 15.
Bxg7 Kxg7 16. Rfe1 Nd4 17. Rad1 Bf5 18. Qf4 Nh5 19. Qh4 Qf6 20. Qxf6+ exf6 21.
g4 fxe5 22. gxf5 Nxf5 23. Nd5 Nf6 24. Nb6 Nd4 25. Re3 Re7 26. f4 Rbe8 27. fxe5
Ng4 28. Re4 Nxe5 29. Rde1 Nef3+ {White resigns} 0-1

[Event "Team 45 45 League T83"]
[Site "Internet Chess Club"]
[Date "2020.01.26"]
[Round "4"]
[White "scostanzo212"]
[Black "mongmong"]
[Result "1-0"]
[WhiteElo "1586"]
[BlackElo "1463"]
[Opening "Nimzo-Indian: 4.e3 O-O, 5.Bd3 d5"]
[ECO "E51"]
[Time "10:01:15"]
[TimeControl "2700+45"]

1. d4 e6 2. c4 Nf6 3. Nc3 Bb4 4. e3 O-O 5. Bd3 d5 6. Nf3 dxc4 7. Bxc4 c5 8. Qc2
b6 9. O-O cxd4 10. Nxd4 Bxc3 11. Qxc3 Bb7 12. b4 Qe7 13. a3 Rc8 14. Qb3 Nc6 15.
Bb2 Nxd4 16. Bxd4 Bd5 17. Rac1 Bxc4 18. Rxc4 Rxc4 19. Qxc4 Nd5 20. Rc1 Qb7 21.
b5 Ne7 22. f3 Rc8 23. Qf1 Rxc1 24. Qxc1 Qc8 25. Qxc8+ Nxc8 26. Be5 f6 27. Bb8
Kf7 28. Kf1 e5 29. Ke2 Ke6 30. Kd3 Kd5 31. a4 Kc5 32. Kc3 f5 33. Bxe5 {Black
resigns} 1-0

[Event "Team 45 45 League T83"]
[Site "Internet Chess Club"]
[Date "2020.01.25"]
[Round "4"]
[White "kabindra"]
[Black "room-matt"]
[Result "0-1"]
[WhiteElo "1686"]
[BlackElo "1812"]
[Opening "Bishop's opening/Petrov: Urusov gambit"]
[ECO "C24"]
[Time "14:00:55"]
[TimeControl "2700+45"]

1. e4 e5 2. Bc4 Nf6 3. d4 exd4 4. Nf3 Nxe4 5. Qxd4 Nf6 6. Nc3 c6 7. Bg5 d5 8.
O-O-O Be7 9. Rhe1 Be6 10. Qh4 Nbd7 11. Bd3 Nc5 12. Nd4 Ng8 13. Nxe6 Nxe6 14. f4
h6 15. Qh5 Qd6 16. Bxe7 Nxe7 17. f5 Nf4 18. Qg4 O-O 19. Rf1 Nxd3+ 20. Rxd3 Qf6
21. h4 Rae8 22. Ne2 Ng6 23. Rh3 Re4 24. Nf4 Nxf4 25. Rxf4 Re1+ 26. Kd2 Rfe8 27.
Rf2 R8e4 28. Qf3 Qd4+ {White resigns} 0-1

[Event "Team 45 45 League T83"]
[Site "Internet Chess Club"]
[Date "2020.01.25"]
[Round "4"]
[White "ARMAND02019"]
[Black "Bumun"]
[Result "0-1"]
[WhiteElo "1664"]
[BlackElo "1699"]
[Opening "Queen's pawn game, Darooha variation "]
[ECO "D02"]
[Time "08:34:36"]
[TimeControl "2700+45"]

1. Nf3 d5 2. d4 Nf6 3. g3 e6 4. Bg2 c5 5. O-O Nc6 6. c3 Be7 7. Re1 O-O 8. Ne5
Nxe5 9. dxe5 Nd7 10. f4 Nb6 11. Qc2 Bd7 12. e4 Bc6 13. Nd2 d4 14. c4 Qc7 15. Rf1
Rad8 16. Qd3 f6 17. Nf3 Nd7 18. exf6 Nxf6 19. Ng5 Qd7 20. Bh3 Ng4 21. Bxg4 Bxg5
22. fxg5 Rxf1+ 23. Kxf1 Rf8+ 24. Kg2 Qf7 25. Bf4 e5 26. Bxe5 Qe7 27. Rf1 Qxe5
28. Rxf8+ Kxf8 29. Qf3+ Ke8 30. Qf4 Qxe4+ 31. Qxe4+ Bxe4+ 32. Kf2 Ke7 33. Bd1
Kd6 34. a3 Ke5 35. h4 b6 36. b3 a6 37. Ke1 d3 38. Kd2 Kd4 39. Bg4 b5 40. cxb5
axb5 41. Bd7 c4 42. bxc4 bxc4 43. Bg4 c3+ 44. Kd1 Bc6 45. Bf5 Ba4+ {White
resigns} 0-1

[Event "Team 45 45 League T83"]
[Site "Internet Chess Club"]
[Date "2020.01.25"]
[Round "4"]
[White "g8wrb"]
[Black "Hectormercado"]
[Result "0-1"]
[WhiteElo "1262"]
[BlackElo "1483"]
[Opening "Nimzovich-Larsen attack: classical variation"]
[ECO "A01"]
[Time "13:03:48"]
[TimeControl "2700+45"]

1. b3 d5 2. Bb2 e6 3. e3 Nf6 4. Nf3 c5 5. Bb5+ Nbd7 6. O-O a6 7. Bxd7+ Bxd7 8.
c4 Bd6 9. Nc3 O-O 10. Qc2 Bc6 11. cxd5 exd5 12. Rad1 d4 13. exd4 cxd4 14. Nb1
Bxf3 15. gxf3 Qd7 16. Kh1 Qh3 {White resigns} 0-1

[Event "Team 45 45 League T83"]
[Site "Internet Chess Club"]
[Date "2020.01.24"]
[Round "4"]
[White "SeniorCitizen"]
[Black "Toalla"]
[Result "0-1"]
[WhiteElo "1231"]
[BlackElo "1313"]
[Opening "Sicilian defense"]
[ECO "B33"]
[Time "14:02:22"]
[TimeControl "2700+45"]

1. e4 c5 2. Nf3 Nc6 3. d4 cxd4 4. Nxd4 Nf6 5. Nc3 a6 6. Be2 e6 7. a3 Bc5 8. Nb3
Ba7 9. O-O O-O 10. Bf4 e5 11. Bg3 d6 12. Kh1 b5 13. Bd3 Bb7 14. Nd5 Nxd5 15.
exd5 Nd4 16. Nxd4 Bxd4 17. c3 Ba7 18. f4 exf4 19. Bxf4 g6 20. c4 Qf6 21. Bh6
Qxb2 22. Bxf8 Rxf8 23. Qb1 Qd4 24. Qc1 Qxd3 25. cxb5 Qxd5 26. b6 Qxg2# {White
checkmated} 0-1

[Event "Team 45 45 League T83"]
[Site "Internet Chess Club"]
[Date "2020.01.25"]
[Round "4"]
[White "Waldomiro"]
[Black "BrerRabbit"]
[Result "1-0"]
[WhiteElo "1482"]
[BlackElo "1352"]
[Opening "Caro-Kann: classical, 6.h4"]
[ECO "B18"]
[Time "19:01:14"]
[TimeControl "2700+45"]

1. e4 c6 2. d4 d5 3. Nc3 dxe4 4. Nxe4 Bf5 5. Ng3 Bg6 6. h4 h6 7. Bd3 Bxd3 8.
Qxd3 e6 9. Nf3 Nd7 10. Bf4 Qa5+ 11. c3 Ngf6 12. O-O Be7 13. c4 O-O 14. a3 c5 15.
b4 cxb4 16. axb4 Qd8 17. Qd2 Qb6 18. Rfb1 a6 19. d5 exd5 20. cxd5 Bd6 21. Be3
Qd8 22. Nf5 Nb6 23. Bxh6 Ne8 24. Be3 Nc4 25. Qd4 Nxe3 26. fxe3 Nf6 27. Nxd6 Qxd6
28. e4 Qf4 29. Re1 Rfe8 30. Qd2 Rxe4 31. Rxe4 Qxe4 32. d6 Nd7 33. Re1 Qc6 34.
Ne5 Nxe5 35. Rxe5 Rd8 36. Rd5 Rd7 37. Qd4 f6 38. Kh2 Kf7 39. h5 Ke6 40. Qe4+ Kf7
41. Qg6+ Ke6 42. Qe4+ Kf7 43. h6 gxh6 44. Qh7+ Ke6 45. Qg8+ Rf7 46. d7 Qxd5 47.
d8=Q Qe5+ 48. Qg3 Qh5+ 49. Kg1 Rd7 50. Qe3+ Qe5 51. Qh3+ Kd6 52. Qdxd7# {Black
checkmated} 1-0

[Event "Team 45 45 League T83"]
[Site "Internet Chess Club"]
[Date "2020.01.26"]
[Round "4"]
[White "Pawnchain"]
[Black "Dwilkes"]
[Result "1/2-1/2"]
[WhiteElo "1502"]
[BlackElo "1050"]
[Opening "Scotch gambit"]
[ECO "C44"]
[Time "16:00:56"]
[TimeControl "2700+45"]

1. e4 e5 2. Nf3 Nc6 3. d4 exd4 4. Bc4 Na5 5. Be2 Bc5 6. Bd2 Nc6 7. Bc4 Nf6 8. e5
Ng4 9. O-O Ngxe5 10. Nxe5 Nxe5 11. Re1 d6 12. f4 d3+ 13. Kh1 Qh4 14. fxe5 Qxc4
15. cxd3 Qxd3 16. exd6+ Kf8 17. dxc7 b6 18. Nc3 Bb7 19. Re2 Ba6 20. Rc1 {Game
drawn by mutual agreement} 1/2-1/2

[Event "Team 45 45 League T83"]
[Site "Internet Chess Club"]
[Date "2020.01.27"]
[Round "4"]
[White "rhayder"]
[Black "jeffk"]
[Result "1-0"]
[WhiteElo "1108"]
[BlackElo "1049"]
[Opening "French defense"]
[ECO "C00"]
[Time "19:12:57"]
[TimeControl "2700+45"]

1. e4 e6 2. Nc3 g6 3. Nf3 Bg7 4. Be2 Nc6 5. O-O d5 6. d3 d4 7. Nb5 Qd7 8. c3 Ne5
9. Nbxd4 Nxf3+ 10. Bxf3 Bxd4 11. cxd4 Qxd4 12. Qb3 Nf6 13. Be3 Qd6 14. Qc3 Qe7
15. Bd4 O-O 16. Bxf6 Qd6 17. Be5 Qb6 18. Bxc7 Bd7 {Black resigns} 1-0

[Event "Team 45 45 League T83"]
[Site "Internet Chess Club"]
[Date "2020.01.26"]
[Round "4"]
[White "Packerfan"]
[Black "cayo89"]
[Result "1-0"]
[WhiteElo "1782"]
[BlackElo "1579"]
[Opening "Pirc defense"]
[ECO "B07"]
[Time "15:01:02"]
[TimeControl "2700+45"]

1. e4 d6 2. d4 Nf6 3. Nc3 e5 4. Nf3 exd4 5. Nxd4 Nc6 6. Nxc6 bxc6 7. Bc4 Be7 8.
O-O O-O 9. Bb3 Be6 10. h3 d5 11. e5 Nd7 12. f4 f5 13. Be3 Nc5 14. Ne2 Ne4 15.
Nd4 Qd7 16. Ba4 Qc8 17. Bxc6 Rb8 18. Nxe6 {Black resigns} 1-0

[Event "Team 45 45 League T83"]
[Site "Internet Chess Club"]
[Date "2020.01.26"]
[Round "4"]
[White "Portola"]
[Black "Electryon"]
[Result "1/2-1/2"]
[WhiteElo "1712"]
[BlackElo "1487"]
[Opening "Queen's pawn game, Darooha variation "]
[ECO "D02"]
[Time "12:35:12"]
[TimeControl "2700+45"]

1. d4 d5 2. Nf3 Nf6 3. c3 c6 4. Bg5 Ne4 5. Bh4 Bf5 6. Nbd2 Qc7 7. e3 e6 8. Nxe4
Bxe4 9. Be2 Be7 10. Bg3 Bd6 11. Qb3 b6 12. Bxd6 Qxd6 13. O-O Nd7 14. c4 O-O 15.
cxd5 cxd5 16. Rac1 Rfc8 17. Rc3 Rc7 18. Rfc1 Rac8 19. Nd2 Nf6 20. Ba6 Rxc3 21.
Rxc3 Rxc3 22. Qxc3 Qb8 23. f3 Bg6 24. a4 h6 25. b4 Ne8 26. Nb3 Qc7 27. Qb2 Qc2
28. Qxc2 Bxc2 29. Nc1 Bxa4 30. Nd3 Nc7 31. Bb7 Bb5 32. Ne5 f6 33. Nc6 Bxc6 34.
Bxc6 a5 35. bxa5 bxa5 36. Kf1 Kf8 37. Ke2 Ke7 38. Kd3 Kd6 39. Ba4 Na6 40. g4 e5
41. h4 g6 42. Be8 g5 43. hxg5 hxg5 44. Ba4 Nb4+ 45. Kc3 Na2+ 46. Kd3 Nc1+ 47.
Kd2 Na2 48. Kd3 Nb4+ 49. Kc3 Na6 50. Bb5 Nc7 51. Ba4 Ne6 52. Bb5 Ng7 53. Bd3 Ne6
54. Bb5 exd4+ 55. exd4 Nf4 56. Ba4 Kc7 57. Kd2 Kb6 58. Bd7 Ng6 59. Ba4 Ne7 60.
Kd3 f5 61. gxf5 Nxf5 62. Bd7 Nd6 63. Ba4 Nc4 64. Kc3 Kc7 65. Bb5 Nd6 66. Ba4 Nf5
67. Kd3 Kd6 68. Bb5 Ke7 69. Ba4 Kf6 70. Bb3 Ne7 71. Ke3 Kg6 72. Bc2+ Kh5 73. Kf2
Kh4 74. Ke3 Kg3 75. Bb3 g4 76. fxg4 Kxg4 77. Bd1+ Kg5 78. Kd3 Kf4 79. Bb3 Kf5
80. Ba4 Ke6 81. Ke3 Nf5+ 82. Kd3 Nd6 83. Kc3 Nc4 84. Bb5 Nb6 85. Kb3 Kf5 86.
Bd3+ Kf4 87. Bc2 Ke3 88. Kc3 a4 89. Bd1 a3 90. Bb3 Ke4 91. Bc2+ Ke3 92. Bb3 Na4+
93. Bxa4 a2 94. Kb2 Kxd4 95. Bb3 a1=Q+ 96. Kxa1 Ke4 97. Bxd5+ {Game drawn
because neither player has mating material} 1/2-1/2

[Event "Team 45 45 League T83"]
[Site "Internet Chess Club"]
[Date "2020.01.23"]
[Round "4"]
[White "tryanything"]
[Black "nosir"]
[Result "1/2-1/2"]
[WhiteElo "1480"]
[BlackElo "1436"]
[Opening "Robatsch (modern) defense"]
[ECO "B06"]
[Time "18:02:53"]
[TimeControl "2700+45"]

1. e4 g6 2. Nf3 Bg7 3. d4 d6 4. Bc4 e6 5. O-O Nd7 6. c3 Ne7 7. Be3 b6 8. Qd2 h6
9. Na3 Bb7 10. d5 exd5 11. exd5 Nf5 12. Rfe1 O-O 13. Nc2 Nxe3 14. Nxe3 Nf6 15.
Nd4 a6 16. a4 Re8 17. Qc2 Qd7 18. Nc6 Bxc6 19. dxc6 Qxc6 20. Bb3 Re7 21. Qxg6
Kf8 22. Qd3 Rae8 23. Kf1 a5 24. Nd5 Rxe1+ 25. Rxe1 Rxe1+ 26. Kxe1 Nxd5 27. Qxd5
Qxd5 28. Bxd5 Ke7 29. Ke2 {Game drawn by mutual agreement} 1/2-1/2

[Event "Team 45 45 League T83"]
[Site "Internet Chess Club"]
[Date "2020.01.25"]
[Round "4"]
[White "g8wrb"]
[Black "PsyMar"]
[Result "1-0"]
[WhiteElo "1270"]
[BlackElo "1213"]
[Opening "Nimzovich-Larsen attack: Indian variation"]
[ECO "A01"]
[Time "08:03:56"]
[TimeControl "2700+45"]

1. b3 Nf6 2. Bb2 c5 3. e3 Nc6 4. Bb5 d5 5. Bxc6+ bxc6 6. Nf3 Bg4 7. h3 Bh5 8. g4
Bg6 9. Ne5 e6 10. Nxc6 Qb6 11. Ne5 Bd6 12. g5 Nh5 13. Nxg6 hxg6 14. Nc3 Qb7 15.
Qf3 O-O 16. O-O-O Rab8 17. d3 Qe7 18. Rhg1 d4 19. exd4 cxd4 20. Ne2 e5 21. Rde1
Bb4 22. c3 dxc3 23. Bxc3 Qc7 24. Kb2 Nf4 25. Bxb4 Rxb4 26. Rc1 Qd7 27. Nxf4 Rxf4
28. Qe3 Qd4+ 29. Qxd4 exd4 30. Rcf1 Re8 31. Rg2 Re2+ 32. Ka3 Rf3 33. Rg3 Rfxf2
34. Rxf2 Rxf2 35. Rg4 Rf3 36. Rxd4 Rxh3 37. Rd8+ Kh7 38. Ra8 Rxd3 39. Rxa7 Kg8
40. Ra5 Kf8 41. Re5 Rd4 42. b4 Rd7 43. Ka4 Ra7+ 44. Ra5 Re7 45. a3 f5 46. b5
Re4+ 47. Kb3 f4 48. b6 Re3+ 49. Kc4 Re8 50. b7 Kf7 51. Ra8 f3 52. Rxe8 f2 53.
Rf8+ {Black resigns} 1-0

[Event "Team 45 45 League T83"]
[Site "Internet Chess Club"]
[Date "2020.01.29"]
[Round "4"]
[White "DaveTheRook"]
[Black "julesraider"]
[Result "0-1"]
[WhiteElo "1563"]
[BlackElo "1638"]
[Opening "Réti v Dutch"]
[ECO "A04"]
[Time "19:31:42"]
[TimeControl "2700+45"]

1. Nf3 f5 2. c4 Nf6 3. Nc3 e6 4. d3 Bb4 5. Bg5 O-O 6. a3 Bxc3+ 7. bxc3 d5 8.
cxd5 exd5 9. e3 Be6 10. Be2 c5 11. O-O Nc6 12. Qa4 a6 13. Qc2 Qd7 14. Rfe1 h6
15. Bf4 d4 16. exd4 cxd4 17. c4 Rac8 18. Bf1 g5 19. Bd2 Rfe8 20. Ne5 Nxe5 21.
Rxe5 Ng4 22. Ree1 Qd6 23. g3 Ne5 24. Bb4 Qc7 25. Qd1 a5 26. Bd2 Qg7 27. Bxa5 f4
28. Bg2 Bg4 29. Qb3 Nf3+ 30. Bxf3 Bxf3 31. Qb5 Bc6 32. Qb2 f3 33. Bb6 Qd7 34.
Rxe8+ Rxe8 35. Qxd4 Qh3 {White resigns} 0-1

[Event "Team 45 45 League T83"]
[Site "Internet Chess Club"]
[Date "2020.01.26"]
[Round "4"]
[White "MartyJR"]
[Black "dalmata"]
[Result "0-1"]
[WhiteElo "1427"]
[BlackElo "1589"]
[Opening "Queen's pawn"]
[ECO "A40"]
[Time "13:01:08"]
[TimeControl "2700+45"]

1. d4 e6 2. Bf4 d5 3. e3 c5 4. c3 Nc6 5. Nf3 Nf6 6. Nbd2 Be7 7. h3 O-O 8. Bd3 b6
9. O-O Bb7 10. Re1 Nh5 11. Bh2 Nf6 12. e4 dxe4 13. Nxe4 cxd4 14. Nxf6+ Bxf6 15.
cxd4 Nxd4 16. Nxd4 Bxd4 17. Qb1 g6 18. Rd1 Qf6 19. Bg3 Rfd8 20. a4 Bxb2 21. Ra2
Be5 22. Bxe5 Qxe5 23. Rc2 Rac8 24. Rcd2 Bc6 25. Ba6 Rxd2 26. Rxd2 Re8 27. Bb5
Rc8 28. Ba6 Qg5 29. f3 Qxd2 30. Bxc8 Bxa4 31. Qa1 b5 32. Qe5 Qc1+ {White
resigns} 0-1

[Event "Team 45 45 League T83"]
[Site "Internet Chess Club"]
[Date "2020.01.28"]
[Round "4"]
[White "pokerram"]
[Black "olivermx"]
[Result "1/2-1/2"]
[WhiteElo "1519"]
[BlackElo "1319"]
[Opening "Ruy Lopez: old Steinitz defense"]
[ECO "C62"]
[Time "17:00:50"]
[TimeControl "2700+45"]

1. e4 e5 2. Nf3 Nc6 3. Bb5 d6 4. d4 Bd7 5. Nc3 h6 6. O-O a6 7. Bxc6 Bxc6 8. dxe5
dxe5 9. Nxe5 Bb5 10. Qxd8+ Rxd8 11. Nxb5 axb5 12. Bf4 Bd6 13. Nd3 Bxf4 14. Nxf4
Rd2 15. Rac1 Ne7 16. Rfd1 Rd8 17. Rxd8+ Kxd8 18. Nh5 g6 19. Rd1+ Kc8 20. Nf6 Rd8
21. Rxd8+ Kxd8 22. a3 h5 23. Kf1 c6 24. h3 Nc8 25. Ke2 Ke7 26. e5 Ke6 27. f4 Ne7
28. g4 hxg4 29. hxg4 g5 30. Ke3 gxf4+ 31. Kxf4 Ng6+ 32. Kg3 Kxe5 33. Nd7+ Kd6
34. Nf6 Ke5 35. Nd7+ Kd6 36. Nf6 Ke5 {Game drawn by repetition} 1/2-1/2

[Event "Team 45 45 League T83"]
[Site "Internet Chess Club"]
[Date "2020.01.26"]
[Round "4"]
[White "Toalla"]
[Black "Megasus"]
[Result "1/2-1/2"]
[WhiteElo "1323"]
[BlackElo "1550"]
[Opening "Catalan: closed"]
[ECO "E01"]
[Time "14:01:17"]
[TimeControl "2700+45"]

1. d4 Nf6 2. g3 e6 3. Bg2 d5 4. c4 c6 5. Nf3 Nbd7 6. O-O Qc7 7. cxd5 cxd5 8. Nc3
a6 9. Bf4 Bd6 10. Bxd6 Qxd6 11. Re1 b5 12. e4 dxe4 13. Nxe4 Nxe4 14. Rxe4 Bb7
15. Re1 O-O 16. Rc1 Rac8 17. Qd2 h6 18. b3 Nf6 19. Ne5 Bxg2 20. Kxg2 Qd5+ 21. f3
Rfd8 22. Rxc8 Rxc8 23. h3 Rd8 24. Rc1 Nd7 25. Nc6 Re8 26. Nb4 Qb7 27. Nc6 Nb6
28. Na5 Qa8 29. Nc6 Nd5 30. a3 Rc8 31. Ne5 Qb7 32. b4 Rc7 33. Nd3 Qc8 34. Nc5
Nb6 35. Ra1 Nc4 36. Qc3 Rc6 37. Rc1 Rd6 38. Kf2 Qd8 39. Nb7 Qd7 40. Nxd6 Qxd6
41. a4 h5 42. axb5 axb5 43. Ra1 h4 44. Ra8+ Kh7 45. Qd3+ g6 46. f4 hxg3+ 47.
Qxg3 Qxd4+ 48. Ke1 Qd2+ 49. Kf1 Ne3+ 50. Kg1 Qd1+ 51. Kf2 Qd2+ 52. Kg1 Nf5 53.
Qg2 Qe3+ 54. Kf1 Qxf4+ 55. Kg1 Ne3 56. Qf2 Qg5+ 57. Kh2 Qe5+ 58. Kg1 Qf5 59.
Qxf5 Nxf5 60. Rb8 Nd4 61. Rb7 Kg7 62. Kf2 e5 63. Ke3 Kf6 64. Ke4 Kg7 65. Rd7 Nc6
66. Kd5 Nxb4+ 67. Kxe5 Nc2 68. Rc7 Ne3 69. Rb7 Nc4+ 70. Kf4 Nd6 71. Rb6 Nf5 72.
Rxb5 Ne7 73. Rc5 f6 74. h4 Kf7 75. Rb5 Ke6 76. Rb6+ Kf7 77. Rb5 Ke6 78. Rb6+ Kf7
79. Rb5 {Game drawn by repetition} 1/2-1/2

[Event "Team 45 45 League T83"]
[Site "Internet Chess Club"]
[Date "2020.01.26"]
[Round "4"]
[White "Kingofknights"]
[Black "clarinetref"]
[Result "1-0"]
[WhiteElo "1613"]
[BlackElo "1481"]
[Opening "King's Indian: Sämisch, 5...O-O"]
[ECO "E81"]
[Time "20:01:58"]
[TimeControl "2700+45"]

1. d4 Nf6 2. c4 g6 3. Nc3 Bg7 4. e4 d6 5. f3 O-O 6. Bg5 h6 7. Be3 Nbd7 8. Qd2
Kh7 9. Nh3 e5 10. d5 Nb6 11. Nf2 Qe7 12. Be2 c6 13. g4 cxd5 14. cxd5 Rh8 15. g5
hxg5 16. Bxg5 Kg8 17. h4 Qf8 18. O-O-O Bh6 19. Ng4 Bxg4 20. fxg4 Bxg5 21. Qxg5
Nh7 22. Qe3 Qe7 23. g5 Rc8 24. Kb1 Nc4 25. Qxa7 Kg7 26. Qf2 Qc7 27. Qg3 Na3+ 28.
bxa3 Qxc3 29. Qxc3 Rxc3 30. Rd3 Rhc8 31. Rxc3 Rxc3 32. Bd1 Rxa3 33. Bb3 Ra5 34.
Rc1 Rc5 35. Rxc5 dxc5 36. d6 Nf8 37. Bd5 f5 38. exf5 gxf5 39. Bxb7 Ne6 40. Bc8
Nd4 41. d7 Nc6 42. d8=Q Nxd8 43. Bxf5 Nc6 44. h5 Nd4 45. h6+ Kh8 46. Be4 Ne6 47.
g6 c4 48. Bd5 Nf4 49. g7+ {Black resigns} 1-0